[Event "*** Titled Tuesday Blitz AM"]
[Site "Chess.com"]
[Date "2020.01.07"]
[Round "6"]
[White "EugeneRougon"]
[Black "Fandorine"]
[Result "0-1"]
[WhiteElo "2726"]
[BlackElo "2911"]
[TimeControl "180+2"]
[EndTime "10:20:29 PST"]
[Termination "Fandorine won on time"]

1. e4 g6 2. d4 Bg7 3. Nc3 d6 4. Nf3 e6 5. Be2 Ne7 6. O-O Nd7 7. Be3 a6 8. a4 b6 9. Qd2 h6 10. Rad1 Bb7 11. Rfe1 Kf8 12. h3 Kg8 13. Bf4 Kh7 14. Bd3 Rf8 15. Ne2 f5 16. exf5 Nxf5 17. Nh2 Nf6 18. Ng3 Qd7 19. Ng4 Nd5 20. Be3 Rae8 21.
c3 h5 22. Nh2 Ndxe3 23. Rxe3 Bh6 24. Nxf5 exf5 25. Rxe8 Rxe8 26. Qc2 Kg7 27. Be2 Bf4 28. g3 Bh6 29. Bf3 Be4 30. Bxe4 fxe4 31. Nf1 Qxh3 32.
Re1 Qf5 33. Qe2 b5 34. axb5 axb5 35. Ra1 Re7 36. Kg2 e3 37. Nxe3 Bxe3 38. fxe3 Qe4+ 39. Qf3 Qxe3 40. Qxe3 Rxe3 41. Kf2 Rd3 42. Ra7 Rd2+ 43.
Ke3 Rxb2 44. Rxc7+ Kf6 45. Rb7 Ke6 46. Rg7 Kf5 47. Rd7 Kg4 48. Rxd6 g5 49. d5 Rg2 50. Rf6 Rxg3+ 51. Kd4 Rg1 52. Kc5 Rd1 53. d6 h4 54. Kxb5 h3 55. Kc6 h2 56. Rh6 h1=Q+ 57.
Rxh1 Rxh1 58. d7 Rd1 59. Kc7 Kf5 60. c4 Ke6 61. d8=Q Rxd8 62. Kxd8 Kd6 63. c5+ Kxc5 64.
Ke7 g4 0-1

[Event "*** Titled Tuesday Blitz AM"]
[Site "Chess.com"]
[Date "2020.01.07"]
[Round "6"]
[White "GMBenjaminBok"]
[Black "bascheyaro"]
[Result "1-0"]
[WhiteElo "2886"]
[BlackElo "2705"]
[TimeControl "180+2"]
[EndTime "10:20:31 PST"]
[Termination "GMBenjaminBok won by resignation"]

1. Nf3 d5 2. g3 Nf6 3. Bg2 Bf5 4. c4 c6 5. cxd5 cxd5 6. Qb3 Qc8 7. O-O e6 8. d3 Be7 9. Nc3 O-O 10. Bf4 Nc6 11.
Rac1 Qd7 12. Ne5 Nxe5 13. Bxe5 Rfc8 14. e4 dxe4 15. dxe4 Bg4 16. h3 Bh5 17. Bf4 a5 18. e5 Nd5 19. Nxd5 exd5 20. g4 Bg6 21. Bxd5 Bb4 22. a3 a4 23. Qf3 Ba5 24. Bxb7 Rxc1 25. Rxc1 Rd8 26. Rc5 Bb6 27. Rd5 Qe6 28. Rxd8+ Bxd8 29. Bd5 Qb6 30. Qc3 h6 31. Be3 Qb8 32. Kg2 Kh7 33. Bd4 Qb5 34. Bc6 Qe2 35. Bf3 Qb5 36. e6 Ba5 37. Qc6 Qxc6 38. Bxc6 fxe6 39. Bxa4 Be4+ 40.
f3 Bd5 41. Bc2+ Kg8 42. b4 Bc7 43. a4 e5 44. Be3 Kf7 45. b5 Bc4 46. b6 Bd6 47. a5 Ke6 48. Bf5+ Ke7 49. b7 Ba6 50. Bc8 Bb8 51. Bc5+ Kf6 52. Kf2 Kg5 53. Ke3 Kh4 54.
Bf8 g6 55. Bxh6 Kxh3 56. Bg7 Kg2 57. Ke4 Bc7 58. Bxe5 Bxb7+ 59. Bxb7 Bxa5 60. g5 Kh3 61. f4 Kg4 62. Kd5 Bd2 63. Ke6 Kh5 64. Kf6 1-0

[Event "*** Titled Tuesday Blitz AM"]
[Site "Chess.com"]
[Date "2020.01.07"]
[Round "6"]
[White "Gabrielian_Artur"]
[Black "AdrianPetrisor1992"]
[Result "0-1"]
[WhiteElo "2807"]
[BlackElo "2640"]
[TimeControl "180+2"]
[EndTime "10:20:39 PST"]
[Termination "AdrianPetrisor1992 won on time"]

1. d4 Nf6 2. c4 g6 3. Nc3 d5 4.
Nf3 Bg7 5. h4 h5 6. Bg5 c6 7. cxd5 cxd5 8. e3 Nc6 9. Be2 O-O 10.
Qb3 Na5 11. Qa3 Bg4 12. Ne5 Bxe2 13. Nxe2 Nc4 14. Nxc4 dxc4 15. Nc3 Qd7 16. O-O b5 17. Qc5 Rab8 18. Bxf6 Bxf6 19. g3 Rfc8 20. Qd5 Qg4 21.
Qe4 e6 22. Rfc1 Qxe4 23. Nxe4 Be7 24. Rc2 a5 25. a4 bxa4 26. Rxa4 Bb4 27. Nf6+ Kg7 28. Nd7 Rb7 29. Ne5 c3 30. bxc3 Rxc3 31. Rxc3 Bxc3 32. Nc4 Rb4 33. Rxb4 Bxb4 34. Nb6 Kf6 35.
Kf1 g5 36. hxg5+ Kxg5 37. Ke2 Kg4 38. Nd7 Kf5 39. Nb6 f6 40. f3 Kg5 41. e4 Bc3 42. d5 exd5 43. Nxd5 Bd4 44. Nc7 Be5 45. f4+ Bxf4 46.
Ne6+ Kg4 47. gxf4 a4 48. Nc5 a3 49. e5 fxe5 50. fxe5 Kf5 51. e6 Kf6 52. Kf3 a2 53. Nb3 Kxe6 54. Kf4 Kd5 55. Kg5 Kc4 0-1

[Event "*** Titled Tuesday Blitz AM"]
[Site "Chess.com"]
[Date "2020.01.07"]
[Round "6"]
[White "karinachess1"]
[Black "enkhtuul"]
[Result "1-0"]
[WhiteElo "2478"]
[BlackElo "2349"]
[TimeControl "180+2"]
[EndTime "10:20:47 PST"]
[Termination "karinachess1 won by checkmate"]

1. e4 Nf6 2. e5 Nd5 3. d4 d6 4. Nf3 Bg4 5. Be2 e6 6. O-O Be7 7. h3 Bh5 8. c4 Nb6 9. Nc3 O-O 10. exd6 cxd6 11. Be3 d5 12. c5 Bxf3 13. Bxf3 Nc4 14.
Bc1 Nc6 15. b3 N4a5 16. Be3 Bf6 17. Qd2 g6 18. Rad1 b6 19. cxb6 axb6 20. Nb5 Be7 21. Bf4 Rc8 22. Rc1 Bb4 23. Qe3 Qe7 24.
Rc2 Rfd8 25. Rfc1 Ba3 26. Rd1 Bb4 27. Ra1 Na7 28. Rxc8 Rxc8 29. Nxa7 Qxa7 30. Rc1 Qb7 31. Be5 Bf8 32. h4 Nc6 33. Bf6 Bg7 34. Bxg7 Kxg7 35. h5 Ne7 36. Rxc8 Qxc8 37. Qe5+ f6 38. Qd6 Nf5 39.
Qa3 Nxd4 40. Qe7+ Kh6 41. Qxf6 Qc1+ 42. Kh2 Nxf3+ 43. Qxf3 Qg5 44. hxg6 Kxg6 45. Qd3+ Kg7 46. Qd4+ Kf7 47. Qxb6 Qf4+ 48. g3 Qh6+ 49. Kg2 Qd2 50. a4 d4 51. a5 d3 52. a6 Qe2 53. Qb7+ Kf6 54. a7 d2 55. a8=Q d1=Q 56. Qh8+ Kf5 57.
Qbxh7+ Kg5 58. Q8g7# 1-0

[Event "*** Titled Tuesday Blitz AM"]
[Site "Chess.com"]
[Date "2020.01.07"]
[Round "6"]
[White "SergeyShtyka"]
[Black "mazetofonias"]
[Result "0-1"]
[WhiteElo "2437"]
[BlackElo "2695"]
[TimeControl "180+2"]
[EndTime "10:21:00 PST"]
[Termination "mazetofonias won by resignation"]

1. e4 c5 2. Nf3 d6 3. d4 Nf6 4.
Nc3 cxd4 5. Nxd4 a6 6. Bc4 e6 7. O-O b5 8. Bd3 Bb7 9. a3 Nc6 10. Be3 Be7 11. f4 O-O 12. Qf3 Qc7 13. Rae1 Nxd4 14. Bxd4 e5 15. Be3 Rac8 16. Kh1 Rfe8 17. Qh3 Bc6 18. Qg3 Nh5 19. Qg4 Nxf4 20. Bxf4 exf4 21.
Rxf4 Bf8 22. Ref1 Re7 23. Nd5 Bxd5 24. exd5 g6 25. h4 Bg7 26. h5 Rf8 27. hxg6 hxg6 28. Qf3 Qd8 29. c3 Rc7 30. Qg4 Be5 31. R4f3 Kg7 32. Rh3 Rh8 33. Rf3 Re7 34. Kg1 Rxh3 35. Rxh3 Qb6+ 36. Kf1 Bf6 37. Rf3 Re5 38. Qf4 Qd8 39.
Be4 Qe7 40. Bd3 Rxd5 41. Re3 Re5 42. Rxe5 dxe5 43. Qe4 Bg5 44. a4 f5 45. Qc6 e4 46.
Be2 bxa4 47. Qxa4 Qb7 48. Qd4+ Bf6 49. Qd2 a5 50. g4 Qc7 51. gxf5 gxf5 52. Qe3 Bh4 53.
Qd4+ Bf6 54. Qg1+ Kf7 55. Bh5+ Ke7 56. Qg8 Qf4+ 57. Kg1 Qg5+ 58. Qxg5 Bxg5 59. Kf2 Bc1 60. b4 a4 61. Bd1 a3 62. Bb3 Bd2 63. b5 Bxc3 64.
b6 Bd4+ 65. Kg3 Bxb6 66. Kf4 Kf6 67. Bc4 Bc7+ 68. Ke3 Ke5 69. Ke2 f4 70. Bb3 f3+ 71. Kf1 Kf4 72. Bc4 e3 0-1

[Event "*** Titled Tuesday Blitz AM"]
[Site "Chess.com"]
[Date "2020.01.07"]
[Round "6"]
[White "AleksanderHnydiuk"]
[Black "ChessQueen"]
[Result "0-1"]
[WhiteElo "2405"]
[BlackElo "2666"]
[TimeControl "180+2"]
[EndTime "10:21:02 PST"]
[Termination "ChessQueen won by resignation"]

1. Nf3 Nf6 2. c4 e6 3. g3 d5 4.
d4 dxc4 5. Bg2 Nc6 6. Qa4 Bb4+ 7. Bd2 Bd6 8. Qxc4 Ne4 9. O-O Nxd2 10. Nbxd2 O-O 11. Ne4 Be7 12. Rfd1 Nb4 13. Rac1 c6 14. Ne5 Nd5 15. Nc5 Nf6 16. e3 Qb6 17. Qe2 a5 18.
g4 Qc7 19. g5 Nd5 20. h4 f6 21. Nf3 b6 22. Nd3 Bd7 23. Qd2 Bb4 24. Nxb4 axb4 25. Ne1 Rxa2 26. Nd3 Qd6 27. f4 Nc3 28. Re1 c5 29.
dxc5 bxc5 30. Rc2 Bb5 31. Nf2 Qxd2 32. Rxd2 Na4 33. Rc1 c4 34. Ne4 Rxb2 35. Rxb2 Nxb2 36. Nd6 Rb8 37. Bf1 b3 38. Rb1 Nd3 39. Bxd3 cxd3 40. Rxb3 d2 41. Rb1 Rd8 42. Nxb5 d1=Q+ 43. Rxd1 Rxd1+ 44. Kf2 e5 45. gxf6 gxf6 46. fxe5 fxe5 47. Nc3 Rd3 48. Ne4 Kf7 49. Kf3 Kg6 50. Ng3 Kf6 51.
Ke4 Ra3 52. Nh5+ Kg6 53. Ng3 Ra4+ 54. Kxe5 Rxh4 55. e4 Rg4 56. Ne2 h5 57. Nf4+ Kg5 58. Ne6+ Kh6 59. Kf5 Rg3 60. e5 h4 61. Kf4 Rg6 62.
Nd4 h3 63. Nf5+ Kh5 64. Ng3+ Kh6 65. Nf1 Rg1 66. Nh2 Rg2 67. Nf3 h2 0-1

[Event "*** Titled Tuesday Blitz AM"]
[Site "Chess.com"]
[Date "2020.01.07"]
[Round "6"]
[White "SiddharthGMJagadeesh"]
[Black "OK97"]
[Result "0-1"]
[WhiteElo "2546"]
[BlackElo "2838"]
[TimeControl "180+2"]
[EndTime "10:21:07 PST"]
[Termination "OK97 won by resignation"]

1. d4 Nf6 2. c4 g6 3. Nc3 Bg7 4. e4 d6 5. f4 O-O 6. Nf3 e5 7. dxe5 dxe5 8. Qxd8 Rxd8 9. Nxe5 Na6 10. Be2 Nc5 11.
Bf3 Be6 12. O-O Nfd7 13. Nxd7 Rxd7 14. Nd5 c6 15. Ne3 Bd4 16. Kh1 f6 17. f5 Bf7 18. fxg6 hxg6 19. Rd1 Rad8 20. Ng4 Bxc4 21. Rxd4 Rxd4 22. Be3 Kg7 23. Bxd4 Rxd4 24. Re1 Nd3 25. Re2 Ne5 26. Re1 Bxa2 27. Nxe5 fxe5 28. Ra1 Ra4 29. h3 Bb3 30. Rc1 Rd4 31. Rc3 Be6 32. Kh2 Kf6 33.
Ra3 a6 34. Ra1 c5 35. Rc1 c4 36. Kg3 Bd7 37. Rc2 Bc6 38. Re2 b6 39. Kf2 b5 40.
Ke3 Rd3+ 41. Kf2 a5 42. Rc2 Rd4 43. Ke3 b4 44. g4 a4 45. h4 a3 46. bxa3 b3 47. Rb2 Ba4 48. Rb1 c3 49. Rf1 c2 50.
Be2+ Ke7 51. Bd3 b2 52. Bxc2 Bxc2 53. h5 gxh5 54. gxh5 b1=Q 55. Rxb1 Bxb1 56. h6 Bxe4 57. h7 Bxh7 58. a4 Rxa4 59. Kf3 e4+ 0-1

[Event "*** Titled Tuesday Blitz AM"]
[Site "Chess.com"]
[Date "2020.01.07"]
[Round "6"]
[White "LLRChess"]
[Black "Gareth-Bale11"]
[Result "1-0"]
[WhiteElo "2317"]
[BlackElo "2703"]
[TimeControl "180+2"]
[EndTime "10:21:16 PST"]
[Termination "LLRChess won by resignation"]

1. e4 e5 2. Nf3 Nc6 3. Bb5 a6 4. Bxc6 dxc6 5. Nc3 f6 6. d4 exd4 7. Qxd4 Qxd4 8. Nxd4 Bd7 9. Bf4 O-O-O 10. O-O-O Ne7 11. f3 Ng6 12. Be3 h5 13. h4 Bd6 14.
Nce2 c5 15. Nf5 Bxf5 16. exf5 Rhe8 17. fxg6 Rxe3 18. Nc3 c6 19. Ne4 Bf4 20. Rxd8+ Kxd8 21. Kd1 c4 22. Re1 Rxe1+ 23. Kxe1 b6 24. g4 hxg4 25. fxg4 Ke7 26. Ke2 Ke6 27. Kf3 Be5 28. b3 cxb3 29. cxb3 f5 30. Ng5+ Kf6 31. Nf7 Bc7 32. h5 fxg4+ 33.
Kxg4 c5 34. Ng5 Be5 35. Ne4+ Ke6 36. Kg5 Bb2 37. Kg4 Kd5 38. Ng3 b5 39. Nf5 c4 40.
bxc4+ bxc4 41. Kf3 Ke6 42. h6 gxh6 43. Nxh6 Kf6 44.
Ke4 Kxg6 45. Ng4 Bc1 46. Ne5+ Kf6 47. Nxc4 Ke6 48. Kd4 Kd7 49. Kc5 Kc7 50. a4 Bh6 51. Ne5 Bf8+ 52. Kc4 Bd6 53. Nd3 Kc6 54. Kb3 Kd5 55. Nb2 Kd4 56. Nc4 Bc7 57. Nb2 Ke3 58. Kb4 Kd2 59. Nc4+ Kd3 60. Kb3 Kd4 61. Nb2 Ba5 62.
Nc4 Be1 63. Nb2 Kd5 64. Nc4 Kc5 65. Nb2 Ba5 66. Nc4 Bc7 67. Nb2 Kd4 68. Nc4 Kd5 69.
Nb2 Kd4 70. Nc4 Kd3 71. Nb2+ Kd2 72. Nc4+ Kc1 73. Nb2 Kb1 74. Nc4 Kc1 75. Nb2 Be5 76. Nd3+ Kd2 77. Nxe5 1-0

[Event "*** Titled Tuesday Blitz AM"]
[Site "Chess.com"]
[Date "2020.01.07"]
[Round "6"]
[White "Redbandit87"]
[Black "albi1999"]
[Result "0-1"]
[WhiteElo "2366"]
[BlackElo "2526"]
[TimeControl "180+2"]
[EndTime "10:21:19 PST"]
[Termination "albi1999 won by resignation"]

1. d4 d5 2. Bf4 c5 3. e3 cxd4 4. exd4 Nc6 5. c3 Bf5 6. Nd2 e6 7. Ngf3 f6 8. Qb3 Qd7 9. h3 g5 10. Bg3 h5 11. Bb5 Nge7 12. O-O a6 13. Bxc6 Nxc6 14.
Rfe1 Kf7 15. Nf1 h4 16. Bh2 g4 17. hxg4 Bxg4 18. N3d2 Be7 19. f3 Bh5 20. Re2 Rae8 21.
Rae1 Bf8 22. a3 Bh6 23. Qc2 Bg6 24. Qd1 Rhg8 25. Nb3 b6 26. Ne3 Bh5 27. Rf1 Rg6 28. Qe1 Bg5 29. f4 Bxe2 30. Qxe2 Bh6 31. Qh5 f5 32.
Nd2 Qe7 33. Nf3 Kg7 34. Nxh4 Rf6 35. Rf3 Qf7 36. Rg3+ Kh7 37. Qf3 Bf8 38. Rh3 Rh6 39. Bg3 Be7 40. Bf2 Rg8 41. Kh2 Bf6 42. g3 Bxh4 43. gxh4 Ne7 44. h5 Nc8 45. Ng2 Rg4 46. Ne3 Rg8 47. Ng2 Nd6 48. Bh4 Ne4 49. Be1 b5 50.
Rh4 Rg4 51. Rxg4 fxg4 52. Qxg4 Qxh5+ 53. Qxh5 Rxh5+ 54. Kg1 Kg6 55. Kf1 Kf5 56. Ke2 Rh2 57.
Kf3 Rh3+ 58. Ke2 Rh8 59. Kf3 Nd6 60. Ne3+ Kg6 61. Bg3 Nc4 62. Ng4 Nxb2 63. Ne5+ Kf5 64. Nf7 Rh1 65. Nd6+ Kg6 66. Kg4 Nc4 67. Nb7 Rc1 68. Nd8 Rxc3 69. Nxe6 Ne3+ 70. Kh3 Nf5 0-1

[Event "*** Titled Tuesday Blitz AM"]
[Site "Chess.com"]
[Date "2020.01.07"]
[Round "6"]
[White "26andrej26"]
[Black "SHIVACalypso"]
[Result "1-0"]
[WhiteElo "2518"]
[BlackElo "2263"]
[TimeControl "180+2"]
[EndTime "10:21:32 PST"]
[Termination "26andrej26 won by resignation"]

1. e4 e6 2. d4 d5 3. Nc3 Nf6 4. e5 Nfd7 5. f4 c5 6. Nf3 Nc6 7. Be3 Qb6 8. Na4 Qa5+ 9. c3 cxd4 10. b4 Qc7 11. Nxd4 a6 12. Be2 b5 13. Nb2 Ncxe5 14.
fxe5 Qxc3+ 15. Qd2 Bxb4 16. Kd1 Nxe5 17. Qxc3 Bxc3 18.
Kc2 Bxb2 19. Kxb2 Nc4+ 20. Bxc4 bxc4 21. Nf3 f6 22. Rhd1 Bb7 23. Kc3 e5 24. Bb6 Kd7 25.
a4 Rac8 26. a5 Ke6 27. Re1 Kf7 28. Rad1 Rhd8 29. Bxd8 Rxd8 30. Rb1 Bc6 31. Rxe5 fxe5 32. Nxe5+ Ke6 33. Nxc6 Rf8 34. Nd4+ Ke5 35. Re1+ Kd6 36. Re6+ Kd7 37. Rxa6 Rf2 38. Ra7+ Kd6 39. Rxg7 Ra2 40. Rxh7 Rxa5 41. Rh6+ Kd7 42. Nf5 Ra2 43. Ne3 Ra3+ 44. Kd4 Rd3+ 45. Kc5 Rxe3 46. Kxd5 Re2 47. Rh7+ Ke8 48.
g4 c3 49. h4 c2 50. Rc7 Rg2 51. g5 Kf8 52. Ke5 Rg4 53. Rxc2 Rxh4 54. Kf6 Rf4+ 55.
Kg6 Rf1 56. Rc8+ Ke7 57. Rc7+ Kf8 58. Ra7 Rh1 59. Ra8+ Ke7 60. Kg7 Rg1 61. g6 Rh1 62. Ra7+ Ke8 63. Rf7 Rh2 64. Rf5 Rh1 65. Re5+ Kd7 66.
Kg8 Kd6 67. Re3 Rg1 68. g7 Kd7 69. Rh3 Ke7 70. Kh7 Kf7 71. g8=Q+ Rxg8 72. Rf3+ 1-0

[Event "*** Titled Tuesday Blitz AM"]
[Site "Chess.com"]
[Date "2020.01.07"]
[Round "6"]
[White "FMAntonio"]
[Black "Rap_woyska"]
[Result "1/2-1/2"]
[WhiteElo "2491"]
[BlackElo "2360"]
[TimeControl "180+2"]
[EndTime "10:21:33 PST"]
[Termination "Game drawn - insufficient material"]

1. d4 Nf6 2. c4 c5 3. d5 b5 4.
cxb5 a6 5. bxa6 g6 6. Nc3 Bg7 7. e4 O-O 8. Be2 Qa5 9. Bd2 Bxa6 10. e5 Ne8 11. Nf3 d6 12. e6 Bxe2 13. exf7+ Rxf7 14.
Qxe2 Qa6 15. a4 Nc7 16. Qxa6 Nbxa6 17. Ke2 Nb4 18. a5 Ncxd5 19. Nxd5 Nxd5 20. Ra2 e6 21. Ng5 Rfa7 22. Ne4 Ra6 23. Rd1 Be5 24. g3 Nb4 25. Bxb4 cxb4 26. f4 b3 27. Ra3 Bg7 28. Rxb3 d5 29.
Nc5 Rxa5 30. Nxe6 Re8 31. Re3 Bxb2 32. Nc7 Rxe3+ 33. Kxe3 Ra3+ 34. Ke2 d4 35. Nb5 Ra4 36. Kd3 Rb4 37. Nd6 Bc3 38. Ne4 Rb2 39. Rh1 Rb3 40.
Nxc3 dxc3 41. Rc1 Rb2 42. Rc2 Rb1 43. Kxc3 Kg7 44. Kd4 Kf6 45. Ke4 Re1+ 46. Kf3 h5 47. Rc6+ Kf5 48. h3 Rf1+ 49. Kg2 Ra1 50. Rc5+ Kf6 51.
g4 hxg4 52. hxg4 Ra3 53. Rc6+ Kf7 54. Rc7+ Kf6 55. g5+ Kf5 56. Rf7+ Kg4 57. f5 Ra2+ 58. Kf1 gxf5 59. g6 Ra8 60. g7 Rg8 61. Kf2 Kg5 62. Kf3 Kg6 63. Ra7 Rxg7 64. Rxg7+ Kxg7 65. Kf4 Kf8 66. Kxf5 1/2-1/2

[Event "*** Titled Tuesday Blitz AM"]
[Site "Chess.com"]
[Date "2020.01.07"]
[Round "6"]
[White "Zq1"]
[Black "chess4ever007"]
[Result "0-1"]
[WhiteElo "2550"]
[BlackElo "2468"]
[TimeControl "180+2"]
[EndTime "10:21:38 PST"]
[Termination "chess4ever007 won by resignation"]

1. d4 Nf6 2. c4 g6 3. Nc3 Bg7 4. e4 d6 5. Nf3 O-O 6. Be2 Na6 7. O-O e5 8. Re1 Qe8 9. dxe5 dxe5 10. Be3 c6 11. c5 Nc7 12. Nd2 Be6 13. Nc4 Bxc4 14. Bxc4 Ne6 15. Qb3 Nd4 16. Bxd4 exd4 17. Na4 Qb8 18. g3 Ng4 19. Be2 Ne5 20. Kg2 g5 21. Rad1 Ng6 22. Bh5 Qc7 23. Bxg6 hxg6 24. Qf3 Qe5 25.
b3 Qe6 26. h3 Rfe8 27. Nb2 Qe5 28. Nd3 Qe6 29. e5 Re7 30. Re4 Rd8 31. Rde1 Qd5 32.
Rg4 Qxf3+ 33. Kxf3 f5 34. exf6 Rxe1 35. Nxe1 Bxf6 36.
Nd3 Kf7 37. Re4 Rd5 38. b4 Rf5+ 39. Ke2 Rd5 40. Ne1 a5 41. a3 axb4 42. axb4 Rd8 43. Nd3 Ra8 44. Ne5+ Bxe5 45. Rxe5 Ra2+ 46. Kf3 Rb2 47. Kg4 Rxb4 48. Kxg5 Rb2 49. f4 d3 50.
Re3 d2 51. Rd3 Rc2 52. Kg4 Rxc5 53. Rxd2 b5 54. Rd7+ Kf6 55. Rb7 Rc4 56. Kf3 b4 57. g4 c5 58. g5+ Ke6 59. h4 Rc3+ 60. Kg4 b3 61. h5 gxh5+ 62. Kxh5 c4 63. Kg6 Rf3 64.
f5+ Rxf5 65. Rb6+ Ke5 66. Rb5+ Ke4 67. Rxf5 b2 68. Rb5 c3 69. Rb4+ Kd3 70. Kg7 c2 71. Rb3+ Kc4 72. Rxb2 c1=Q 73. Rg2 Qf4 74. g6 Qe5+ 75. Kf7 Qd5+ 0-1

[Event "*** Titled Tuesday Blitz AM"]
[Site "Chess.com"]
[Date "2020.01.07"]
[Round "6"]
[White "TrimitziosP7"]
[Black "Ba_clbaf_osed_ingo_3v21"]
[Result "1-0"]
[WhiteElo "2717"]
[BlackElo "2547"]
[TimeControl "180+2"]
[EndTime "10:21:46 PST"]
[Termination "TrimitziosP7 won by resignation"]

1. Nf3 c5 2. c4 Nc6 3. Nc3 g6 4. e3 Nf6 5. d4 cxd4 6. exd4 d5 7. cxd5 Nxd5 8. Bc4 Nxc3 9. bxc3 Bg7 10. h3 O-O 11. O-O Bd7 12. Be3 Rc8 13. Be2 Na5 14. Rc1 Be6 15. Qc2 Bc4 16. Rfe1 Qd5 17. Bxc4 Nxc4 18. Qe2 b5 19. Rb1 a6 20. Rec1 Nb6 21.
Qc2 Na4 22. Qb3 Rc4 23. Nd2 Rfc8 24. Nxc4 Rxc4 25. Bd2 e6 26. Qd1 Bf8 27. Qe2 Ba3 28. Rc2 Qc6 29. Qf3 Qxf3 30. gxf3 Kf8 31. Kf1 Ke7 32.
Ke2 Kd6 33. Kd3 Kd5 34. Rb3 Bd6 35. Be3 h5 36. Rb1 Nb6 37. Rg1 Ra4 38. Rg5+ Kc6 39. Bd2 Ra3 40. Ke2 Ra4 41. Rg1 Rc4 42. Rb1 Nd5 43. Kd3 Bc7 44. Ra1 Nb6 45. Rb2 Bd6 46. Rb3 Na4 47. Bc1 Nb6 48. Ba3 Bf4 49. Bc5 Nd5 50.
a4 Rxa4 51. Rxa4 bxa4 52. Ra3 Bc7 53. Rxa4 a5 54. c4 Nf4+ 55. Ke4 f5+ 56. Ke3 e5 57.
dxe5 Ng2+ 58. Kd4 Nf4 59. Bd6 Ne6+ 60. Kc3 Bd8 61. c5 Nxc5 62. Bxc5 Kxc5 63. f4 Bb6 64. f3 Kd5 65. Ra2 Be3 66. Rxa5+ Ke6 67. Ra4 g5 68.
fxg5 Kxe5 69. f4+ Ke6 70. Kd3 Bc1 71. Ke2 h4 72. Kf3 Kf7 73. Ra6 Kg7 74. Rf6 1-0

[Event "*** Titled Tuesday Blitz AM"]
[Site "Chess.com"]
[Date "2020.01.07"]
[Round "6"]
[White "Vuk2000"]
[Black "przemekpiotrowski"]
[Result "1-0"]
[WhiteElo "2675"]
[BlackElo "2408"]
[TimeControl "180+2"]
[EndTime "10:22:08 PST"]
[Termination "Vuk2000 won by resignation"]

1. d4 c5 2. d5 e6 3. e4 exd5 4. exd5 Nf6 5. c4 d6 6. Bd3 g6 7.
h3 Bg7 8. Ne2 O-O 9. O-O Nbd7 10.
Bc2 a6 11. Nbc3 Ne5 12. b3 b5 13. cxb5 axb5 14. Nxb5 Ba6 15. Nbc3 Re8 16. Re1 Nh5 17.
Rb1 Qh4 18. Be3 f5 19. Qd2 h6 20. Bxh6 Bxh6 21. Qxh6 Ra7 22. f4 Nf3+ 23. gxf3 Qxh3 24. Qg5 Rae7 25. Bxf5 Qxf5 26. Qxf5 gxf5 27. Kf2 Kf7 28. a4 Kf6 29. Nb5 Bxb5 30. axb5 Rb8 31. Nc3 Rxe1 32.
Rxe1 Nxf4 33. Ra1 Ke5 34. Rd1 Rh8 35. b6 Rh2+ 36. Ke3 Rb2 37. Rb1 Rxb1 38. Nxb1 Nxd5+ 39. Kd3 Nxb6 40. Nd2 f4 41. Nb1 d5 42. Na3 d4 43.
Nb5 Nd5 44. Na3 Nb4+ 45. Kc4 d3 46. Kxc5 d2 47. Nc4+ Ke6 48. Nxd2 Nd3+ 49. Kd4 Ne5 50. Ke4 Ng6 51. Nc4 Kd7 52. Kf5 Ne7+ 53. Kxf4 Kc6 54.
Ke5 Kc5 55. Nd2 Kb4 56. Ke6 Ng6 57. Kf5 Ne7+ 58. Kf6 Ng8+ 59. Ke6 Kc3 60. f4 Nh6 61. f5 Kxd2 62. b4 Kd3 63. b5 Ke4 64. b6 Nxf5 65.
b7 Nd4+ 66. Kd7 Nb3 67. b8=Q Nc5+ 68. Kc6 Nd3 69. Qb1 Kd4 70. Qd1 Kc4 71. Qc2+ Kd4 72.
Kd6 Ke4 73. Qc4+ Ke3 74. Kd5 Nf4+ 75. Ke5 Nd3+ 76. Kf5 Nf2 77. Qc5+ Ke2 78. Qd4 Nd3 79. Qg1 Nf2 80. Ke5 Nd3+ 81. Kd4 Nf2 82. Qg2 Ke1 83. Ke3 Nd1+ 84. Kf3 Nc3 85. Qc2 1-0

[Event "*** Titled Tuesday Blitz AM"]
[Site "Chess.com"]
[Date "2020.01.07"]
[Round "6"]
[White "Region_07"]
[Black "Nbk90"]
[Result "1-0"]
[WhiteElo "2385"]
[BlackElo "2526"]
[TimeControl "180+2"]
[EndTime "10:22:15 PST"]
[Termination "Region_07 won on time"]

1. d4 Nf6 2. Bg5 e6 3. Nf3 d5 4.
e3 c5 5. c3 Nbd7 6. Nbd2 Qc7 7. Bd3 Bd6 8. Qe2 cxd4 9. exd4 h6 10. Bh4 Nh5 11. Bg3 Nf4 12. Bxf4 Bxf4 13. O-O O-O 14. g3 Bd6 15. Rae1 a6 16. Ne5 b5 17. a3 Bb7 18.
f4 Rae8 19. Qf3 f5 20. Nxd7 Qxd7 21. Re2 a5 22. Nb3 a4 23. Nc1 g5 24. Bb1 gxf4 25.
gxf4 Kh8 26. Nd3 Rg8+ 27. Kh1 Rg4 28. Rg2 Reg8 29. Rfg1 Qg7 30. h3 Rxg2 31. Rxg2 Qxg2+ 32. Qxg2 Rxg2 33. Kxg2 Kg7 34. Kg3 Bc6 35. Ne1 Be8 36.
Bd3 Kf6 37. Nf3 Kg6 38. Ne5+ Kf6 39. Kh4 Be7 40. Kg3 Bd6 41. Kf3 Bc7 42. Ke3 Bd6 43. Be2 Kg7 44. Nd3 Be7 45. Nc5 Kf6 46. Na6 Bd6 47. Nb4 Ke7 48. Nd3 Kd8 49. Bf1 Be7 50. Nc5 Bxc5 51. dxc5 Kc7 52. Kd4 Kc6 53. Be2 Bd7 54. Bd1 Be8 55. b3 axb3 56. Bxb3 Bd7 57. a4 Kc7 58. a5 Bc8 59. Ke5 Kc6 60. Kd4 Kc7 61. Bd1 Kc6 62. Bh5 Bd7 63. Bf7 Kc7 64. a6 Kb8 65. Ke5 Ka7 66. Bxe6 Bxe6 67.
Kxe6 d4 68. c6 dxc3 69. c7 1-0

[Event "*** Titled Tuesday Blitz AM"]
[Site "Chess.com"]
[Date "2020.01.07"]
[Round "6"]
[White "petrpalachev"]
[Black "IMRosen"]
[Result "1/2-1/2"]
[WhiteElo "2807"]
[BlackElo "2576"]
[TimeControl "180+2"]
[EndTime "10:22:48 PST"]
[Termination "Game drawn by repetition"]

1. d4 d5 2. c4 e6 3. Nf3 Nf6 4. Nc3 Be7 5. Bf4 O-O 6. e3 b6 7. Bd3 Bb7 8. O-O Nbd7 9. cxd5 Nxd5 10. Nxd5 exd5 11. Qc2 c5 12. Bxh7+ Kh8 13. Bf5 Nf6 14. Ng5 Bc8 15. Rad1 c4 16. f3 Nh5 17. Bxc8 Bxg5 18. Bxg5 Qxg5 19. f4 Qe7 20. Qe2 Nxf4 21. Rxf4 Raxc8 22. Qh5+ Kg8 23. Re1 Qe6 24. Rh4 Qh6 25. Qxh6 gxh6 26. Rxh6 Kg7 27. Rh5 Rfd8 28. Rc1 Rc6 29. a4 a6 30. Rc2 Rdd6 31. Kf2 Kg6 32. Rh4 b5 33. axb5 axb5 34. e4 b4 35. exd5 Rxd5 36.
Re4 f5 37. Rf4 Kg5 38. g3 Ra5 39. Kf3 c3 40. d5 b3 41. Rxc3 Rxc3+ 42. bxc3 Rb5 43.
c4 b2 44. cxb5 b1=Q 45. Kg2 Qc2+ 46. Kg1 Qd1+ 47. Kg2 Qxd5+ 48. Kg1 Qxb5 49. Kg2 Qd5+ 50.
Kg1 Qd1+ 51. Kg2 Qe1 52. Rh4 Qe2+ 53. Kg1 Kf6 54. Rf4 Ke5 55. Rh4 Qf3 56. Rf4 Qe3+ 57.
Kg2 Qa3 58. Kg1 Qa8 59. Rh4 Kf6 60. Rf4 Kg5 61. Rh4 Qa1+ 62. Kg2 Qe1 63. Rf4 Qe2+ 64. Kg1 Kf6 65. Rh4 Ke5 66. Rf4 Qd1+ 67. Kg2 Qd5+ 68. Kg1 Qg8 69. Kg2 Qh7 70. Kg1 Qb7 71. Rh4 Qb1+ 72.
Kg2 Kf6 73. Rf4 Kg7 74. Rh4 Kg6 75. Rf4 Qc2+ 76. Kg1 Qd1+ 77. Kg2 Qd2+ 78. Kg1 Kf6 79. Rh4 Ke6 80. Rf4 Qc2 81. Rh4 Kd5 82. Rf4 Qe2 83. Rh4 Kc5 84. Rf4 Kb5 85. Rh4 Qf3 86.
Rf4 Qe3+ 87. Kg2 Kc5 88. Rxf5+ Kd4 89. Rf4+ Ke5 90. Rh4 Qe2+ 91. Kg1 Qe1+ 92. Kg2 Qe2+ 93. Kg1 Qe1+ 94. Kg2 Qe2+ 1/2-1/2

[Event "*** Titled Tuesday Blitz AM"]
[Site "Chess.com"]
[Date "2020.01.07"]
[Round "6"]
[White "dianosky"]
[Black "Chesswizard_2007"]
[Result "1/2-1/2"]
[WhiteElo "2367"]
[BlackElo "2497"]
[TimeControl "180+2"]
[EndTime "10:23:04 PST"]
[Termination "Game drawn by agreement"]

1. d4 Nf6 2. c4 g6 3. Nc3 Bg7 4. e4 O-O 5. f4 c5 6. d5 e6 7. e5 Nh5 8. Nf3 f5 9. Be3 d6 10. dxe6 dxe5 11. Nxe5 Bxe5 12. fxe5 Bxe6 13. Qxd8 Rxd8 14. Bxc5 Nc6 15. Bd6 Bf7 16. O-O-O Nf4 17. g3 Ne6 18. Nd5 Rac8 19. b3 Kg7 20. Kb2 Rd7 21. Bd3 Ncd4 22. Rhf1 Nc5 23. Bb1 Nde6 24. Nf6 Rdd8 25. h3 a6 26. g4 f4 27. h4 b5 28.
cxb5 axb5 29. Ne4 Nb7 30. Be7 Rxd1 31. Rxd1 Nbc5 32. Bf6+ Kg8 33. Nd6 Ra8 34. Rf1 h6 35.
Ne4 Nd7 36. g5 h5 37. Rd1 Nb6 38. Rd6 Nc8 39. Rd5 Na7 40. Rd7 Nc6 41. Nd6 Rf8 42.
Nxf7 Rxf7 43. Rd6 Ncd4 44. Bxg6 Rc7 45. Be4 b4 46. Bd5 Rf7 47. Bxe6 Nxe6 48. Rxe6 f3 49.
Rd6 f2 50. Rd1 Rd7 51. Rf1 Rd2+ 52. Kb1 Kf7 53. e6+ Kxe6 54. Bb2 Re2 55. Bc1 Kf5 56. g6 Kxg6 57. Be3 Rxe3 58. Rxf2 Re4 59. Rh2 Kf5 60. Kc2 Kg4 61. Kd3 Rf4 62. Ke3 Rf3+ 63. Kd4 Rf4+ 64. Kc5 Kg3 65. Rc2 Kxh4 66. Rc4 Rxc4+ 67. bxc4 Kg3 68.
Kxb4 h4 69. c5 h3 70. c6 h2 71. c7 h1=Q 72. c8=Q Qb1+ 73. Ka3 Qd3+ 74. Ka4 Qd1+ 75. Ka5 Qd2+ 76. Kb6 Qxa2 77. Qc3+ Kf4 78. Qd4+ Kf5 79. Qc5+ Ke6 80. Qc6+ Kf7 81. Qd7+ Kf6 82. Qd8+ Kg6 83. Qe8+ Kg5 84. Qe5+ Kg4 85. Qe4+ Kg3 86. Qg6+ Kf4 87. Qf6+ Ke3 88. Qe5+ Kd3 89. Qf5+ Kd4 90. Qf4+ Kc3 91. Qe3+ Kb4 92. Qc5+ Kb3 93. Qd5+ Kb2 94. Qxa2+ 1/2-1/2